 Dungeon Crawl Stone Soup version 0.23-a0-319-gb40ba49 (webtiles) character file.

45780 iamserjio the Eclecticist (level 14, -1/76 HPs)
             Began as a Deep Elf Earth Elementalist on Oct 14, 2018.
             Was an Elder of Vehumet.
             Slain by a two-headed ogre
             ... wielding a +0 giant spiked club
              (16 damage)
             ... on level 1 of the Depths.
             The game lasted 01:04:10 (23435 turns).

iamserjio the Eclecticist (DEEE)                   Turns: 23435, Time: 01:04:10

Health: -1/76      AC: 10    Str:  5    XL:     14   Next: 2%
Magic:  36/36      EV: 21    Int: 28    God:    Vehumet [****..]
Gold:   712        SH:  4    Dex: 15    Spells: 30/46 levels left

rFire    + . .     SeeInvis .   z - staff of air
rCold    . . .     Gourm    .   P - +1 buckler {AC+3}
rNeg     . . .     Faith    .   Y - +1 robe of Evolution {rF+}
rPois    .         Spirit   .   m - +0 helmet
rElec    +         Reflect  .   c - scarf {repulsion}
rCorr    .         Harm     .   J - +0 pair of gloves
MR       +....                  (no boots)
Stlth    ++........             (no amulet)
HPRegen  0.22/turn              D - +2 ring of intelligence (curse)
MPRegen  0.25/turn              M - +2 ring of protection

@: repel missiles
A: no striking features
a: Renounce Religion


You were on level 1 of the Depths.
You worshipped Vehumet.
Vehumet was greatly pleased with you.
You were not hungry.

You visited 3 branches of the dungeon, and saw 17 of its levels.

You collected 810 gold pieces.
You spent 98 gold pieces at shops.

Inventory:

Hand Weapons
 a - a +2 dagger of venom
Missiles
 b - 70 stones (quivered)
 E - 2 tomahawks of dispersal
 H - 427 arrows
 Q - a throwing net {!f}
Armour
 c - a scarf of repulsion (worn)
 f - a +0 troll leather armour
 m - a +0 helmet (worn)
 J - a +0 pair of gloves (worn)
 P - a +1 buckler of protection (worn)
 Y - the +1 robe of Evolution (worn) {rF+}
   (You found it on level 13 of the Dungeon)

   It protects you from fire.
 Z - +0 acid dragon scales
Magical Staves
 z - an uncursed staff of air (weapon)
Jewellery
 j - an uncursed ring of stealth
 D - a cursed +2 ring of intelligence (left hand)
 M - a +2 ring of protection (right hand)
Wands
 t - a wand of digging (40)
 A - a wand of disintegration (31)
 F - a wand of polymorph (15)
 L - a wand of flame (87)
 N - a wand of paralysis (24)
 W - a wand of scattershot (2)
Scrolls
 e - 3 scrolls of blinking
 i - 6 scrolls of teleportation
 n - 6 scrolls of enchant weapon
 o - a scroll of enchant armour {unknown}
 p - 2 scrolls of random uselessness
 q - 2 scrolls of immolation
 r - 4 scrolls of remove curse {@r2}
 u - 3 scrolls of fear
 w - 2 scrolls of noise {unknown}
 x - a scroll of acquirement {unknown}
 y - 2 scrolls of magic mapping {unknown}
 I - a scroll of summoning {unknown}
 K - 2 scrolls of amnesia {unknown}
 O - a scroll of silence {unknown}
 U - a scroll of vulnerability {unknown}
Potions
 g - 2 potions of might
 h - 6 potions of curing {@q1}
 k - 5 potions of ambrosia
 l - 2 potions of mutation
 s - 3 potions of flight
 v - 3 potions of agility
 B - a potion of cancellation {unknown}
 C - 4 potions of brilliance
 G - 2 potions of resistance
 R - 2 potions of haste {unknown}
 S - 3 potions of berserk rage {unknown}
 T - a potion of magic {unknown}
 V - a potion of lignification {unknown}
Miscellaneous
 X - a fan of gales
Comestibles
 d - 29 rations


   Skills:
 + Level 4.3 Fighting
 + Level 13.5 Dodging
 - Level 2.4 Stealth
 + Level 16.5 Spellcasting
 - Level 5.0 Conjurations
 - Level 2.0 Transmutations
 * Level 15.7 Earth Magic
 + Level 5.6 Evocations


You had 30 spell levels left.
You knew the following spells:

 Your Spells              Type           Power        Failure   Level  Hunger
a - Sandblast             Erth           ######       0%          1    None
b - Stone Arrow           Conj/Erth      ######       1%          3    None
c - Lee's Rapid Deconstr  Erth           #######...   1%          5    None
d - Passwall              Tmut/Erth      ######..     1%          2    None
e - Sticks to Snakes      Tmut           ####....     2%          2    None
f - Conjure Flame         Conj/Fire      #####...     1%          3    None

Your spell library contained the following spells:

 Spells                   Type           Power        Failure   Level  Hunger
 Fulminant Prism          Conj/Hex       #####.....   3%          4    None
 Beastly Appendage        Tmut           ####..       1%          1    None
 Petrify                  Tmut/Erth      ######..     1%          4    None
 Confusing Touch          Hex            ###...       3%          1    None
 Spider Form              Tmut/Pois      ####......   7%          3    None
 Confuse                  Hex            ###.....     11%         3    None
 Gell's Gravitas          Tloc           ###.......   11%         3    None
 Yara's Violent Unravell  Hex/Tmut       ####......   17%         5    None
 Ice Form                 Ice/Tmut       ####....     22%         4    None
 Blade Hands              Tmut           ####......   38%         5    None
 Metabolic Englaciation   Hex/Ice        ###.......   67%         5    None


Dungeon Overview and Level Annotations

Branches:
Dungeon (15/15)            Temple (1/1) D:7            Lair (0/6) D:10
    Orc (0/2) D:12         Vaults (0/5) D:14         Depths (1/5) D:15

Altars:
Ashenzari
Cheibriados
Dithmenos
Elyvilon
Fedhas
Gozag
Hepliaklqana
Kikubaaqudgha
Makhleb
Nemelex Xobeh
Okawaru
Qazlal
Ru
Sif Muna
Trog
Uskayaw
Vehumet
Wu Jian
Xom
Yredelemnul
Zin
The Shining One
Beogh

Shops:
D:2 *   D:6 *

Portals:
Abyss: Depths:1


Message History

It was a scroll of random uselessness.
As you read the scroll labeled ZOSOCV OMIABUTH, it crumbles to dust.
The air around you briefly surges with heat, but it dissipates.
It was a scroll of immolation.
Okay, then.
You climb downwards.
Welcome back to the Depths! 2 ettins come into view.
The ettin shouts in stereo!
The ogre completely misses you.
The two-headed ogre hits you with a giant spiked club!!
You block the two-headed ogre's attack.
The ogre mage gestures at you while chanting.
The bolt of fire misses you. The ogre closely misses you.
There is a staircase back to the Dungeon, spattered with blood here.
You see here a bolt.
The ogre mage barely misses you. You block the ettin's attack.
The ettin hits you with a dire flail!!
* * * LOW HITPOINT WARNING * * *
The two-headed ogre hits you with a giant spiked club!
You die...

≈≈.#..#.........
.≈c#≈.#.........
≈C≈..#.../.....
♣#.≈≈.#.∩.......
.≈≈♣.≈....?.....
≈.≈≈≈≈..........
≈..≈≈...C...C...
≈.≈≈≈≈..@#
≈.≈≈..O.OO#
.)####...##
#####


You could see a fire giant, 2 ettins, a two-headed ogre, an ogre mage, a yaktaur
and an ogre.

Vanquished Creatures
  Rupert (D:14)
  A rakshasa (D:14)
  4 vault guards (D:14)
  2 catoblepae
  3 hydras
  2 two-headed ogres (D:15)
  2 centaur warriors (D:14)
  Erica (D:10)
  6 death yaks
  4 tengu warriors
  Nergalle (D:9)
  The ghost of Ratty the Tainted, a novice MiMo of Yredelemnul (D:7)
  An unseen horror (D:14)
  A wizard (D:14)
  7 ugly things
  A lindwurm (D:12)
  An orc knight (D:12)
  2 wolf spiders
  A wolf spider zombie (D:14)
  A deep elf mage (D:15)
  3 manticores
  A salamander (D:15)
  2 cyclopes
  2 centaur zombies
  5 gargoyles
  An efreet (D:15)
  A tengu conjurer (D:13)
  3 meliai (D:13)
  4 trolls
  A hornet (D:13)
  A queen bee (D:9)
  2 slime creatures (D:15)
  Grinder (D:5)
  5 hippogriffs
  2 wyverns
  Eustachio (D:6)
  3 fire bats (D:6)
  3 hungry ghosts
  2 basilisks (D:15)
  3 acid dragons
  Duvessa (D:6)
  4 sky beasts
  8 orc warriors
  A phantom (D:4)
  5 black bears
  6 ice beasts
  5 ogres
  17 centaurs
  11 bullfrogs
  2 big kobolds
  A gnoll sergeant (D:9)
  Dowan (D:6)
  A scorpion (D:14)
  24 killer bees
  10 wights (D:13)
  4 howler monkeys
  7 crimson imps
  A gnoll shaman (D:8)
  4 jellies
  2 bullfrog zombies
  8 orc priests
  Crazy Yiuf (D:6)
  5 hounds
  11 orc wizards
  3 bullfrog skeletons
  8 centaur skeletons
  Jessica (D:2)
  6 iguanas
  15 worker ants
  A hound zombie (D:9)
  A hound skeleton (D:10)
  Robin (D:2)
  A worker ant zombie (D:5)
  15 gnolls
  11 adders
  6 shadow imps
  An ooze (D:4)
  An adder zombie (D:9)
  An adder skeleton (D:6)
  5 worms
  3 dart slugs
  6 leopard geckos
  66 orcs
  7 giant cockroaches
  10 hobgoblins
  4 jackals (D:1)
  11 kobolds
  9 quokkas
  7 bats
  4 frilled lizards
  15 goblins
  2 jackal skeletons
  A leopard gecko skeleton (D:4)
  A quokka skeleton (D:6)
  6 rats
458 creatures vanquished.

Vanquished Creatures (collateral kills)
  3 orcs (D:12)
3 creatures vanquished.

Vanquished Creatures (others)
  A quokka (D:13)
  A fungus (D:6)
2 creatures vanquished.

Grand Total: 463 creatures vanquished

Notes
Turn   | Place    | Note
-------+----------+-------------------------------------------
     0 | D:1      | iamserjio the Deep Elf Earth Elementalist began the quest
                  | for the Orb.
     0 | D:1      | Reached XP level 1. HP: 10/10 MP: 6/6
   216 | D:1      | Reached XP level 2. HP: 12/15 MP: 0/8
  1014 | D:1      | Reached XP level 3. HP: 15/19 MP: 10/10
  1153 | D:2      | Learned a level 3 spell: Stone Arrow
  1178 | D:2      | Noticed Robin
  1181 | D:2      | Killed Robin
  1181 | D:2      | Reached XP level 4. HP: 12/24 MP: 3/11
  1447 | D:2      | Reached skill level 4 in Spellcasting
  1458 | D:2      | Found Gozag's Platinum Reserve.
  1900 | D:2      | Noticed Jessica
  1904 | D:2      | Killed Jessica
  1904 | D:2      | Reached skill level 1 in Conjurations
  2024 | D:2      | Found a shimmering altar of Xom.
  2040 | D:2      | Found an opulent altar of Gozag.
  2245 | D:3      | Reached XP level 5. HP: 28/28 MP: 2/13
  2334 | D:3      | Reached skill level 5 in Earth Magic
  3098 | D:3      | HP: 1/28 [orc priest/divine providence (9)]
  3461 | D:3      | Reached XP level 6. HP: 32/32 MP: 9/15
  4130 | D:3      | HP: 1/32 [poisoned by a worker ant]
  4441 | D:4      | Reached skill level 5 in Spellcasting
  4765 | D:4      | Reached XP level 7. HP: 30/36 MP: 12/16
  4917 | D:4      | Learned a level 5 spell: Lee's Rapid Deconstruction
  4920 | D:4      | Learned a level 2 spell: Passwall
  5771 | D:5      | Entered Level 5 of the Dungeon
  5912 | D:5      | Noticed Grinder
  5955 | D:5      | Reached skill level 5 in Dodging
  6275 | D:5      | Reached skill level 6 in Spellcasting
  6423 | D:5      | Reached XP level 8. HP: 41/41 MP: 8/19
  6764 | D:5      | Killed Grinder
  7025 | D:6      | Reached skill level 7 in Spellcasting
  7305 | D:6      | Found a transporter.
  7441 | D:6      | Noticed Dowan
  7445 | D:6      | Noticed Duvessa
  7449 | D:6      | Killed Duvessa
  7453 | D:6      | Killed Dowan
  7878 | D:6      | Found a transporter.
  7984 | D:6      | Found a runed door.
  8100 | D:6      | Found Utohairrai's General Store.
  8113 | D:6      | Bought 17 stones for 23 gold pieces
  8113 | D:6      | Bought 14 stones for 19 gold pieces
  8113 | D:6      | Bought a potion of might for 56 gold pieces
  8235 | D:6      | Noticed Crazy Yiuf
  8237 | D:6      | Killed Crazy Yiuf
  8391 | D:7      | Reached skill level 8 in Spellcasting
  8391 | D:7      | Reached XP level 9. HP: 45/45 MP: 12/23
  8742 | D:7      | Found a staircase to the Ecumenical Temple.
  8783 | Temple   | Entered the Ecumenical Temple
  8934 | Temple   | Became a worshipper of Vehumet
  9037 | D:7      | Reached skill level 10 in Earth Magic
  9287 | D:7      | Found a runed door.
  9288 | D:7      | Noticed Ratty's ghost (novice MiMo)
 10116 | D:7      | Killed Ratty's ghost
 10116 | D:7      | Reached skill level 9 in Spellcasting
 10628 | D:8      | Reached XP level 10. HP: 50/50 MP: 19/25
 10688 | D:8      | Reached * piety under Vehumet
 10688 | D:8      | Offered knowledge of Shock by Vehumet.
 10762 | D:8      | Noticed a gargoyle
 10765 | D:8      | Noticed a gargoyle
 10765 | D:8      | Noticed a gargoyle
 10765 | D:8      | Noticed a gargoyle
 10765 | D:8      | Killed a gargoyle
 10770 | D:8      | Killed a gargoyle
 10772 | D:8      | Killed a gargoyle
 10938 | D:8      | Reached skill level 10 in Spellcasting
 11059 | D:8      | Killed a gargoyle
 11105 | D:8      | Found a blossoming altar of Fedhas.
 11118 | D:8      | Found a basalt altar of Yredelemnul.
 11118 | D:8      | Found a glowing silver altar of Zin.
 11119 | D:8      | Found a deep blue altar of Sif Muna.
 11120 | D:8      | Found a sacrificial altar of Ru.
 11952 | D:8      | Learned a level 2 spell: Sticks to Snakes
 13159 | D:9      | Reached skill level 5 in Conjurations
 13634 | D:9      | Reached ** piety under Vehumet
 13634 | D:9      | Offered knowledge of Flame Tongue by Vehumet.
 13637 | D:9      | Reached skill level 10 in Dodging
 13784 | D:10     | Entered Level 10 of the Dungeon
 13784 | D:10     | Noticed a death yak
 13789 | D:10     | Reached XP level 11. HP: 41/54 MP: 11/27
 13790 | D:10     | Noticed a death yak
 14020 | D:9      | Killed a death yak
 14020 | D:9      | Reached skill level 11 in Spellcasting
 14020 | D:9      | Reached skill level 1 in Evocations
 14129 | D:10     | Noticed a death yak
 14129 | D:10     | Noticed a death yak
 14129 | D:10     | Noticed a death yak
 14131 | D:10     | Noticed a death yak
 14162 | D:10     | Found a staircase to the Lair.
 14179 | D:9      | Killed a death yak
 14179 | D:9      | Killed a death yak
 14185 | D:9      | Killed a death yak
 14281 | D:9      | Killed a death yak
 14373 | D:10     | Noticed Nergalle
 14384 | D:9      | Offered knowledge of Conjure Flame by Vehumet.
 14385 | D:9      | Killed Nergalle
 14463 | D:9      | Learned a level 3 spell: Conjure Flame
 14966 | D:10     | Killed a death yak
 15214 | D:10     | Noticed Erica
 15221 | D:10     | Killed Erica
 15221 | D:10     | Reached skill level 12 in Spellcasting
 15495 | D:11     | Reached *** piety under Vehumet
 15671 | D:11     | Noticed a red ugly thing
 15680 | D:11     | Killed a red ugly thing
 16204 | D:11     | Reached XP level 12. HP: 58/59 MP: 15/30
 16555 | D:12     | Found a roughly hewn altar of Beogh.
 16555 | D:12     | Found a staircase to the Orcish Mines.
 16559 | D:12     | Offered knowledge of Airstrike by Vehumet.
 17574 | D:13     | Reached **** piety under Vehumet
 17646 | D:13     | Offered knowledge of Throw Icicle by Vehumet.
 17647 | D:13     | Reached skill level 1 in Fighting
 17713 | D:13     | Got an opalescent robe
 17975 | D:13     | Found a white marble altar of Elyvilon.
 17985 | D:13     | Noticed a six-headed hydra
 17987 | D:13     | Killed a six-headed hydra
 17994 | D:13     | Reached skill level 15 in Earth Magic
 17997 | D:13     | Reached skill level 13 in Spellcasting
 18129 | D:13     | Found a glowing golden altar of the Shining One.
 18366 | D:13     | Identified the cursed +1 robe of Evolution {rF+} (You found
                  | it on level 13 of the Dungeon)
 18565 | D:6      | Noticed Eustachio
 18722 | D:6      | Killed Eustachio
 19041 | D:14     | Found a gate to the Vaults.
 19041 | D:14     | Noticed a vault guard
 19041 | D:14     | Noticed a catoblepas
 19041 | D:14     | Noticed a vault guard
 19041 | D:14     | Noticed a vault guard
 19041 | D:14     | Noticed a vault guard
 19041 | D:14     | Noticed a centaur warrior
 19046 | D:14     | Reached ***** piety under Vehumet
 19046 | D:14     | Offered knowledge of Fulminant Prism by Vehumet.
 19047 | D:14     | Killed a vault guard
 19049 | D:14     | Killed a vault guard
 19049 | D:14     | Killed a centaur warrior
 19050 | D:14     | Reached skill level 14 in Spellcasting
 19050 | D:14     | Reached XP level 13. HP: 53/68 MP: 5/33
 19827 | D:14     | Reached skill level 15 in Spellcasting
 20600 | D:14     | Reached skill level 16 in Spellcasting
 20855 | D:14     | Noticed Rupert
 21318 | D:14     | Killed Rupert
 21583 | D:15     | Entered Level 15 of the Dungeon
 22047 | D:15     | Noticed a dire elephant
 22114 | D:15     | Reached skill level 5 in Evocations
 22311 | D:15     | Found a staircase to the Depths.
 23202 | Depths:1 | Entered Level 1 of the Depths
 23202 | Depths:1 | Found a one-way gate to the infinite horrors of the Abyss.
 23213 | D:15     | Reached XP level 14. HP: 40/76 MP: 15/36
 23435 | Depths:1 | Noticed a fire giant
 23435 | Depths:1 | Slain by a two-headed ogre

Vault maps used:
D:1:      psy_arrival_basics
D:2:      lemuel_round_altar, first_ration, nicolae_gozag_zags_fifth_avenue,
          uniq_robin, uniq_jessica
D:3:      corexii_shack_village
D:5:      hangedman_decor_peaks_small, uniq_grinder
D:6:      gammafunk_cloud_chamber, serial_shops, nicolae_shop_crystal,
          uniq_eustachio, uniq_duvessa, uniq_crazy_yiuf_cottage
D:7:      minmay_flawed_box, minmay_temple_entry_enclosed_plants, serial_rivers,
          chequers_serial_rivers_small_b, chequers_serial_rivers_small_a,
          chequers_serial_rivers_small_b, chequers_serial_rivers_micro_b,
          chequers_serial_rivers_small_b, ebering_ghost_reflecting_pool
D:8:      cheibrodos_statue_roulette, grunt_temple_overflow_open,
          blue_anna_alchemist, kennysheep_generic_room_11
D:9:      hive_lemuel
D:10:     dpeg_lair_monsters, uniq_erica, uniq_nergalle
D:12:     david_orc_5, interstate_on_off, minmay_misc_feat_pillars
D:13:     basic_altar, elyvilon_altar_4
D:14:     lightli_vaults_fourway_checkpoint, uniq_rupert
D:15:     hangedman_depths_entry_try_elsewhere_first, minmay_misc_feat_chi
Temple:   regret_index_temple_sphere_string
Depths:1: chequers_serial_rivers_marsh, grunt_hell_entry_dis_grunt, abyss_entry,
          serial_rivers, chequers_serial_rivers_room_b,
          chequers_serial_rivers_micro_b, chequers_serial_rivers_micro_d,
          chequers_serial_rivers_room_a, chequers_serial_rivers_micro_b,
          chequers_serial_rivers_marsh, nicolae_ashenzari_panopticon,
          firewood_loft, serial_bayou_shore_b

Skill      XL: |  1  2  3  4  5  6  7  8  9 10 11 12 13 |
---------------+----------------------------------------+-----
Dodging        | 3 4 5 7 8 10 11 13 | 13.5
Earth Magic    | 4 5 6 7 9 11 12 14 15 | 15.7
Spellcasting   | 4 5 6 8 9 10 12 14 16 | 16.5
Conjurations   | 1 2 3 4 5 |  5.0
Evocations     | 3 4 5 |  5.6
Transmutations | 2 |  2.0
Fighting       | 3 4 |  4.3
Stealth        | |  2.4

Action                   |  1- 3 |  4- 6 |  7- 9 | 10-12 | 13-15 || total
-------------------------+-------+-------+-------+-------+-------++-------
Melee: Dagger            |    41 |    45 |    13 |    30 |    14 ||   143
       Quarterstaff      |       |       |    16 |    20 |       ||    36
       Staff             |       |       |       |    40 |       ||    40
 Cast: Sandblast         |    36 |    39 |    63 |   108 |    71 ||   317
       Stone Arrow       |       |    62 |   107 |   165 |    56 ||   390
       Lee's Rapid Decon |       |       |     3 |    73 |    66 ||   142
       Sticks to Snakes  |       |       |       |    13 |    10 ||    23
       Passwall          |       |       |       |     1 |       ||     1
Evoke: Wand              |       |    13 |    18 |    40 |     6 ||    77
  Use: Potion            |       |     3 |     1 |       |     1 ||     5
       Scroll            |       |       |     6 |     6 |     6 ||    18
 Stab: Sleeping          |     3 |     1 |     2 |     3 |       ||     9
       Distracted        |       |     1 |       |     1 |       ||     2
       Paralysed         |       |       |     2 |    28 |    14 ||    44
  Eat: Chunk             |     1 |    14 |    13 |    29 |     8 ||    65
       Ration            |       |       |     2 |     1 |     2 ||     5
Armor: Robe              |    10 |    10 |    21 |     7 |    11 ||    59
       Troll leather arm |       |       |       |    47 |       ||    47
Dodge: Dodged            |    30 |    73 |    43 |   244 |    69 ||   459
       Deflected         |       |       |       |     2 |     3 ||     5
Block: Buckler           |       |       |       |       |     9 ||     9

Table legend:
 A = Non-vault XP
 B = Vault XP
 C = Vault XP percentage of total XP
 D = Non-vault monster count
 E = Vault monster count
 F = Vault count percentage of total count
                 A         B        C        D         E       F
            +---------+---------+-------+---------+---------+-------
      Total |   39326 |   26074 |  39.9 |     352 |     109 |  23.6
            +---------+---------+-------+---------+---------+-------
        D:1 |      41 |       0 |   0.0 |      21 |       0 |   0.0
        D:2 |      70 |      73 |  51.0 |      13 |      13 |  50.0
        D:3 |     212 |      23 |   9.8 |      36 |      12 |  25.0
        D:4 |     488 |       0 |   0.0 |      22 |       0 |   0.0
        D:5 |     529 |     272 |  34.0 |      13 |       1 |   7.1
        D:6 |     803 |    1080 |  57.4 |      22 |       8 |  26.7
        D:7 |     960 |    1054 |  52.3 |      14 |       8 |  36.4
        D:8 |    1222 |    1980 |  61.8 |      28 |       7 |  20.0
        D:9 |    2102 |    6074 |  74.3 |      39 |      20 |  33.9
       D:10 |    1610 |    1621 |  50.2 |      17 |       2 |  10.5
       D:11 |    2750 |       0 |   0.0 |      20 |       0 |   0.0
       D:12 |     753 |    1944 |  72.1 |       7 |      22 |  75.9
       D:13 |    7042 |       0 |   0.0 |      49 |       0 |   0.0
       D:14 |    8499 |   10581 |  55.5 |      25 |      13 |  34.2
       D:15 |   12124 |    1372 |  10.2 |      25 |       3 |  10.7
   Depths:1 |     121 |       0 |   0.0 |       1 |       0 |   0.0
            +---------+---------+-------+---------+---------+-------
